 Dungeon Crawl Stone Soup version 0.31.0-1-g2c135a008e (webtiles) character file.

Game seed: 12426601221106771597

212 qw the Shooter (level 6, -2/46 HPs)
             Began as a Djinni Hunter on Jan 23, 2024.
             Slain by Grinder (5 damage)
             ... on level 3 of the Dungeon.
             The game lasted 00:00:11 (1853 turns).

qw the Shooter (Djinni Hunter)                      Turns: 1853, Time: 00:00:11

Health: -2/46      AC:  5    Str: 10    XL:     6   Next: 14%
Gold:   205        EV: 11    Int: 11    God:
                   SH:  0    Dex: 16

rFire   + + .        a - +1 shortbow
rCold   x . .        (shield currently unavailable)
rNeg    . . .        j - +0 ring mail
rPois   inf          (no helmet)
rElec   .            (no cloak)
rCorr   .            (no gloves)
SInv    .            (boots unavailable)
Will    .....        (no amulet)
Stlth   +            (no ring)
HPRegen 0.27/turn    (no ring)
MPRegen 0.00/turn

%: infuse magic (-3 HP)
@: about to teleport, flying
A: sickness immunity, fire resistance 2, cold vulnerability 1, float, innate
caster, HP casting, extra vitality 1, clumsy 1
a: no special abilities


You were on level 3 of the Dungeon.
You visited 1 branch of the dungeon, and saw 3 of its levels.

You collected 205 gold pieces.


Innate Abilities, Weirdness & Mutations

You are immune to sickness and miasma.
You are immune to poison.
Your flesh is very heat resistant. (rF++)
You are vulnerable to cold. (rC-)
You float through the air rather than walking.
You learn spells naturally, not from books.
Your magical power is your life essence.
You have superior vitality. (+4 MHP)
You are clumsy. (Dex -2)


   Skills:
 + Level 3.0 Fighting
 - Level 5.0 Ranged Weapons
 - Level 1.5 Armour
 - Level 2.7 Dodging
 - Level 0.7 Stealth


You knew the following spells:

 Your Spells              Type           Power      Damage    Failure   Level
a - Sandblast             Erth           0%         2d4       65%         1
b - Lesser Beckoning      Tloc           0%         N/A       80%         2
Your spell library was empty.

Inventory:

Hand Weapons
 a - a +1 shortbow (weapon)
Armour
 j - a +0 ring mail (worn)
Wands
 b - a wand of quicksilver (12)
 d - a wand of roots (6)
Scrolls
 c - a scroll of identify
 f - a scroll of revelation {unknown}
 h - a scroll of teleportation
Potions
 e - 2 potions of curing
 g - a potion of resistance
 i - a potion of enlightenment
 m - 2 potions of haste

Dungeon Overview and Level Annotations

Branches:
Dungeon (3/15)

Altars:
Makhleb

Annotations:
D:3 Grinder


Message History

You shoot an arrow. The arrow hits Grinder.
Grinder is heavily wounded.
Grinder gestures at you.
You suddenly lose the ability to move!
Grinder hits you.
You writhe in agony.
Grinder gestures at you. You resist with some effort. Grinder gestures at you.
Pain shoots through your body!
You can move again.
You shoot an arrow. The arrow barely misses Grinder.
Grinder hits you.
You writhe in agony.
Grinder gestures at you. Pain shoots through your body!
You shoot an arrow.
The arrow hits Grinder but does no damage.
Grinder is moderately wounded.
Grinder barely misses you.
You shoot an arrow.
The arrow hits Grinder but does no damage.
Grinder is moderately wounded.
Grinder gestures at you.
You shrug off the repeated paralysis!
You shoot an arrow. The arrow hits Grinder!
Grinder is heavily wounded.
Grinder hits you!
You writhe in agony.
Grinder gestures at you.
You suddenly lose the ability to move!
Grinder hits you.
You writhe in agony.
Grinder hits you but does no damage.
Grinder says, "Wait up."
Grinder gestures at you. You resist with some effort.
You can move again.
1853 ||| READING 2 scrolls of teleportation.
As you read the scroll of teleportation, it crumbles to dust.
You feel strangely unstable. Grinder hits you.
You die...
Grinder says, "Now the real fun starts!"

#. #..###..## #.##
###........#
#...###....###.###
#..........#
##........##
#.......%..#
...........#
#..........#
#.......@..#
#........5.#
##...........#
##.............
####..........
...........
#.........?.
#...........


You could see Grinder.

Vanquished Creatures
  Jessica (D:2)
  Natasha (thrice) (D:3)
  6 adders
  A ribbon worm (D:2)
  An orc (D:3)
  6 ball pythons
  7 endoplasms
  3 giant cockroaches
  2 goblins
  5 hobgoblins
  2 jackals (D:1)
  A quokka (D:2)
  3 bats
  3 frilled lizards (D:2)
  5 kobolds
  10 rats
59 creatures vanquished.

Notes
Turn   | Place    | Note
-------+----------+-------------------------------------------
     0 | D:1      | qw the Djinni Hunter began the quest for the Orb.
     0 | D:1      | Reached XP level 1. HP: 18/18 MP: 0/0
     0 | D:1      | 0 ||| qw: Version: 0.3-a-132-g3d54051
     0 | D:1      | 0 ||| qw: Game counter: 659
     0 | D:1      | 0 ||| qw: Melee chars always use a shield: true
     0 | D:1      | 0 ||| qw: God list: Okawaru
     0 | D:1      | 0 ||| qw: Allow faded altars: false
     0 | D:1      | 0 ||| qw: Do Orc after clearing Dungeon:15 true
     0 | D:1      | 0 ||| qw: Do second Lair branch before Depths: true
     0 | D:1      | 0 ||| qw: Lair rune preference: random
     0 | D:1      | 0 ||| qw: Goals: Normal
     0 | D:1      | 0 ||| PLANNING D:1-11
   148 | D:1      | Reached XP level 2. HP: 23/23 MP: 0/0
   729 | D:1      | 729 ||| READING 3 scrolls labelled PASTRI COCAIGUINI.
   729 | D:1      | 729 ||| IDENTIFYING pink potion
   730 | D:1      | 730 ||| READING 2 scrolls of identify.
   730 | D:1      | 730 ||| IDENTIFYING grey potion
   731 | D:1      | 731 ||| READING scroll of identify.
   731 | D:1      | 731 ||| IDENTIFYING amethyst potion
   732 | D:1      | 732 ||| DRINKING potion of mutation.
   732 | D:1      | Gained mutation: Your spells are a little easier to cast,
                  | but a little less powerful. [potion of mutation]
   732 | D:1      | Gained mutation: You have a beak for a mouth. [potion of
                  | mutation]
   733 | D:1      | 733 ||| READING 2 scrolls labelled ZICAYGO MIJENG.
   738 | D:1      | 738 ||| READING scroll labelled MIYN JUL UBU.
   738 | D:1      | 738 ||| ENCHANTING +0 shortbow.
   739 | D:1      | 739 ||| READING scroll labelled HEJIETU XAKE.
   740 | D:1      | 740 ||| DRINKING 2 sapphire potions.
   741 | D:1      | 741 ||| DRINKING 2 smoky puce potions.
   742 | D:1      | 742 ||| DROPPING scroll of butterflies.
   754 | D:2      | Noticed Jessica
   756 | D:2      | Killed Jessica
   757 | D:2      | Reached skill level 4 in Ranged Weapons
   757 | D:2      | Reached XP level 3. HP: 28/28 MP: 0/0
   757 | D:2      | Learned a level 1 spell: Sandblast
   780 | D:2      | 780 ||| DRINKING potion of mutation.
   780 | D:2      | Lost mutation: You have a beak for a mouth. [potion of
                  | mutation]
   780 | D:2      | Lost mutation: Your spells are a little easier to cast, but
                  | a little less powerful. [potion of mutation]
   780 | D:2      | Gained mutation: You are clumsy. (Dex -2) [potion of
                  | mutation]
   796 | D:2      | Reached XP level 4. HP: 30/34 MP: 0/0
   797 | D:2      | 797 ||| FLEEEEING.
   887 | D:2      | You are sucked into a shaft and drop 1 floor!
   889 | D:3      | 889 ||| FLEEEEING.
   890 | D:3      | 890 ||| FLEEEEING.
   891 | D:3      | 891 ||| FLEEEEING.
   892 | D:3      | 892 ||| STAIRDANCE
   935 | D:2      | Found a burning altar of Makhleb.
   944 | D:2      | Reached skill level 3 in Fighting
  1355 | D:2      | 1355 ||| UPGRADING to +0 ring mail.
  1365 | D:2      | 1365 ||| DROPPING +0 leather armour.
  1366 | D:2      | 1366 ||| READING scroll of identify.
  1366 | D:2      | 1366 ||| IDENTIFYING 2 black potions
  1367 | D:2      | 1367 ||| READING scroll labelled FOEFIE INLONU.
  1400 | D:3      | Reached XP level 5. HP: 40/40 MP: 0/0
  1400 | D:3      | Learned a level 2 spell: Lesser Beckoning
  1416 | D:3      | Noticed Natasha
  1425 | D:3      | Killed Natasha
  1425 | D:3      | HP: 10/40 [goblin/+0 dagger (3)]
  1426 | D:3      | Reached skill level 1 in Armour
  1426 | D:3      | 1426 ||| READING 3 scrolls of teleportation.
  1427 | D:3      | 1427 ||| DRINKING potion of heal wounds.
  1430 | D:3      | 1430 ||| FLEEEEING.
  1432 | D:3      | 1432 ||| FLEEEEING.
  1434 | D:3      | 1434 ||| FLEEEEING.
  1436 | D:3      | 1436 ||| FLEEEEING.
  1438 | D:3      | 1438 ||| FLEEEEING.
  1439 | D:3      | 1439 ||| FLEEEEING.
  1440 | D:3      | 1440 ||| FLEEEEING.
  1441 | D:3      | 1441 ||| FLEEEEING.
  1442 | D:3      | 1442 ||| FLEEEEING.
  1443 | D:3      | 1443 ||| FLEEEEING.
  1444 | D:3      | 1444 ||| FLEEEEING.
  1445 | D:3      | 1445 ||| FLEEEEING.
  1446 | D:3      | 1446 ||| STAIRDANCE
  1451 | D:2      | 1451 ||| FLEEEEING.
  1452 | D:2      | 1452 ||| STAIRDANCE
  1465 | D:1      | 1465 ||| READING scroll labelled SOIDOE GETWAET.
  1488 | D:3      | Noticed Natasha
  1490 | D:3      | 1490 ||| FLEEEEING.
  1491 | D:3      | 1491 ||| FLEEEEING.
  1492 | D:3      | 1492 ||| FLEEEEING.
  1493 | D:3      | 1493 ||| FLEEEEING.
  1494 | D:3      | 1494 ||| FLEEEEING.
  1495 | D:3      | 1495 ||| FLEEEEING.
  1496 | D:3      | 1496 ||| FLEEEEING.
  1497 | D:3      | 1497 ||| FLEEEEING.
  1498 | D:3      | 1498 ||| FLEEEEING.
  1499 | D:3      | 1499 ||| STAIRDANCE
  1504 | D:2      | 1504 ||| STAIRDANCE
  1530 | D:3      | 1530 ||| STAIRDANCE
  1562 | D:3      | Killed Natasha
  1563 | D:3      | 1563 ||| STAIRDANCE
  1565 | D:2      | 1565 ||| FLEEEEING.
  1568 | D:2      | 1568 ||| STAIRDANCE
  1812 | D:3      | Noticed Natasha
  1815 | D:3      | Killed Natasha
  1816 | D:3      | Reached XP level 6. HP: 46/46 MP: 0/0
  1817 | D:3      | Noticed Grinder
  1819 | D:3      | 1819 ||| FLEEEEING.
  1836 | D:3      | Reached skill level 5 in Ranged Weapons
  1842 | D:3      | Paralysed by Grinder for 4 turns
  1849 | D:3      | HP: 11/46 [Grinder (4)]
  1849 | D:3      | Paralysed by Grinder for 4 turns
  1850 | D:3      | HP: 5/46 [Grinder (6)]
  1850 | D:3      | HP: 2/46 [Grinder (3)]
  1853 | D:3      | 1853 ||| READING 2 scrolls of teleportation.
  1853 | D:3      | Slain by Grinder

Levels and vault maps discovered:
D:1:      shiori_arrival_oz, layout_basic, serial_curves, eino_curves_04,
          eino_curves_02
D:2:      minmay_spotlight, layout_loops_ring, basic_altar, uniq_jessica
D:3:      layout_rooms, gammafunk_temple_overflow_statue, st_stairs_11,
          uniq_terence, uniq_grinder, uniq_natasha

Skill      XL: |  1  2  3  4  5  6 |
---------------+-------------------+-----
Ranged Weapons | 4 5 |  5.0
Fighting       | 3 |  3.0
Armour         | 1 |  1.5
Dodging        | |  2.7
Stealth        | |  0.7

Action                     |  1- 3 |  4- 6 || total
---------------------------+-------+-------++-------
   Fire: Shortbow          |    47 |   143 ||   190
    Use: Scroll            |     6 |     5 ||    11
         Potion            |     4 |     1 ||     5
 Armour: Leather armour    |    12 |    10 ||    22
         Ring mail         |       |    46 ||    46
  Dodge: Dodged            |     9 |    51 ||    60

Table legend:
 A = Non-vault XP
 B = Vault XP
 C = Vault XP percentage of total XP
 D = Non-vault monster count
 E = Vault monster count
 F = Vault count percentage of total count
                 A         B        C        D         E       F
            +---------+---------+-------+---------+---------+-------
      Total |     205 |      99 |  32.6 |      47 |      12 |  20.3
            +---------+---------+-------+---------+---------+-------
        D:1 |      16 |       3 |  15.8 |      10 |       2 |  16.7
        D:2 |      76 |      55 |  42.0 |      23 |       5 |  17.9
        D:3 |     113 |      41 |  26.6 |      14 |       5 |  26.3
            +---------+---------+-------+---------+---------+-------
